 Dungeon Crawl Stone Soup version 0.20.0-15-g7f486f2 (webtiles) character file.

517 sscrono2 the Cutter (level 7, 0/45 HPs)
             Began as an Octopode Assassin on June 25, 2017.
             Succumbed to an adder's poison
             ... in a sewer.
             The game lasted 00:10:36 (4560 turns).

sscrono2 the Cutter (Octopode Assassin)             Turns: 4560, Time: 00:10:37

Health: 0/45       AC:  1    Str: 11    XL:     7   Next: 20%
Magic:  7/7        EV: 13    Int: 13    God:
Gold:   187        SH:  0    Dex: 15    Spells: 6/6 levels left

rFire    + . .     SeeInvis .   a - +2 dagger
rCold    . . .     Gourm    .   (no shield)
rNeg     . . .     Faith    .   (helmet restricted)
rPois    .         Spirit   .   (no amulet)
rElec    .         Reflect  .   u - ring of protection from fire
rCorr    .         Harm     .   l - ring of flight
MR       .....                  (no ring)
Stlth    ++++......             (no ring)
Regen    0.2/turn               (no ring)
MPRegen  0.1/turn               (no ring)
                                (no ring)
                                (no ring)

@: lethally poisoned (0 -> -13), flying, hasted, very quick
A: almost no armour, stealthy swim, amphibious, 8 rings, constrict 8, camouflage
1, gelatinous body 1
a: no special abilities


You were in a sewer.
You were not hungry.

You visited 1 branch of the dungeon, and saw 4 of its levels.
You also visited: Sewer.

You collected 187 gold pieces.

Inventory:

Hand Weapons
 a - a +2 dagger (weapon)
 b - a +0 blowgun
Missiles
 c - 22 poisoned needles
 d - 2 curare-tipped needles
 h - a throwing net (quivered)
Jewellery
 j - an uncursed ring of fire
 l - a ring of flight (right tentacle)
 u - a ring of protection from fire (left tentacle)
Wands
 i - a wand of acid (8/15)
 p - a wand of lightning (7/15)
Scrolls
 e - a scroll of remove curse
 k - 2 scrolls of fog
 m - 3 scrolls of teleportation
 s - a scroll of fear {unknown}
 t - a scroll of blinking {unknown}
Potions
 v - a potion of brilliance
 w - 5 potions of magic
Comestibles
 f - 4 bread rations
 g - 2 meat rations
 n - 8 chunks of flesh


   Skills:
 - Level 2.0 Fighting
 + Level 7.7 Short Blades
 - Level 2.0 Throwing
 - Level 1.0 Dodging
 - Level 5.3 Stealth


You had 6 spell levels left.
You didn't know any spells.

Dungeon Overview and Level Annotations

Branches:
Dungeon (4/15)             Temple (0/1) D:4

Altars:
Hepliaklqana
Zin


Innate Abilities, Weirdness & Mutations

You cannot wear most types of armour.
You are very stealthy in the water. (Stealth+)
You are amphibious.
You can wear up to eight rings at the same time.
You can use your tentacles to constrict eight enemies at once.
Your skin changes colour to match your surroundings (Stealth+).
Your rubbery body absorbs attacks. (AC +1, EV +1)


Message History

The adder is moderately wounded.
You constrict the adder, but do no damage.
* * * LOW HITPOINT WARNING * * *
You feel sick.
You hit the adder. You squeeze the adder.
The adder is severely wounded.
You constrict the adder, but do no damage.
The adder escapes!
You hit the ball python. You grab the ball python.
The ball python is heavily wounded.
You constrict the ball python.
* * * LOW HITPOINT WARNING * * *
You feel sick. The adder closely misses you.
You closely miss the adder. Your grab misses the adder.
The adder is severely wounded.
You constrict the ball python.
You kill the ball python!
You hit the adder. Your grab misses the adder.
The adder is almost dead.
You die...

##### ####...####
####.........####
##...............##
#.......#...S.....# #
##......##l##...÷..##
#
#......###@S##l.....#
# ##.≈≈..#
#..###≈≈..## #
#≈÷≈≈≈≈# #####≈≈≈≈≈≈#
# #≈≈≈≈≈≈# #≈≈≈≈F≈# #
#≈≈≈≈≈≈# #≈≈≈≈≈≈# #
#≈≈≈≈≈≈# #≈≈≈≈≈≈# #
#≈≈≈≈≈≈# #≈≈≈≈≈≈# #
#≈≈≈÷≈≈# #≈≈≈≈≈≈# #
#.≈[).≈# #≈≈≈≈≈≈#


You could see an adder and a frilled lizard.

Vanquished Creatures
  2 orc priests (D:4)
  An orc wizard (D:4)
  A worker ant (D:4)
  4 gnolls (D:2)
  19 adders
  6 river rats
  2 oozes (D:1)
  2 adder skeletons (D:2)
  4 worms
  4 dart slugs
  4 leopard geckos
  5 orcs
  7 bats
  A bat skeleton (D:2)
  4 giant cockroaches
  9 goblins
  8 hobgoblins
  4 jackals (D:2)
  A quokka (D:2)
  7 ball pythons
  4 frilled lizards
  8 kobolds
  A quokka zombie (D:2)
  29 rats
137 creatures vanquished.

Notes
Turn   | Place    | Note
-------+----------+-------------------------------------------
     0 | D:1      | sscrono2 the Octopode Assassin began the quest for the Orb.
     0 | D:1      | Reached XP level 1. HP: 14/14 MP: 1/1
    91 | D:1      | Reached XP level 2. HP: 15/19 MP: 2/2
   149 | D:1      | Reached skill level 3 in Short Blades
   346 | D:1      | Reached XP level 3. HP: 24/24 MP: 3/3
   743 | D:2      | Reached skill level 4 in Short Blades
   868 | D:2      | Reached XP level 4. HP: 29/29 MP: 4/4
  1647 | D:2      | Reached skill level 5 in Short Blades
  1668 | D:2      | Reached XP level 5. HP: 24/34 MP: 5/5
  1762 | D:2      | Found a glowing silver altar of Zin.
  2418 | D:3      | Found a hazy altar of Hepliaklqana.
  3023 | D:3      | Reached skill level 6 in Short Blades
  3091 | D:3      | Reached XP level 6. HP: 39/39 MP: 6/6
  3270 | D:4      | Found a staircase to the Ecumenical Temple.
  3677 | D:4      | Reached skill level 7 in Short Blades
  3689 | D:4      | Found a glowing drain.
  3693 | Sewer    | Entered a sewer
  4073 | Sewer    | Reached XP level 7. HP: 45/45 MP: 7/7
  4554 | Sewer    | HP: 2/45 [adder (3)]
  4560 | Sewer    | Succumbed to an adder's poison

Skill      XL: |  1  2  3  4  5  6 |
---------------+-------------------+-----
Short Blades   | 3 4 5 6 7 |  7.7
Fighting       | |  2.0
Throwing       | |  2.0
Dodging        | |  1.0
Stealth        | |  5.3

Action                   |  1- 3 |  4- 6 |  7- 9 || total
-------------------------+-------+-------+-------++-------
Melee: Dagger            |    46 |   206 |    67 ||   319
       Constrict         |    10 |    47 |    15 ||    72
       Tentacles         |     6 |    33 |    11 ||    50
 Fire: Blowgun           |       |     8 |       ||     8
  Use: Potion            |       |     4 |     5 ||     9
       Scroll            |       |     8 |       ||     8
 Stab: Sleeping          |    11 |    17 |     2 ||    30
  Eat: Chunk             |       |     8 |       ||     8
       Bread ration      |       |     1 |       ||     1
Armor: Skin              |     4 |    16 |     3 ||    23
Dodge: Dodged            |    19 |    99 |    37 ||   155
